 Seeded DCSS version 0.27.1-3-gb3d3a73c9e (webtiles) character file.

Game seed: 54321234 (custom seed)

27 Skelothan the Cudgeller (level 2, -9/27 HPs)
             Began as a Minotaur Berserker on Oct 13, 2021.
             Was a Follower of Trog.
             Killed by divine providence
             ... invoked by an orc priest
              (16 damage)
             ... on level 3 of the Dungeon.
             The game lasted 00:09:18 (1530 turns).

Skelothan the Cudgeller (Minotaur Berserker)        Turns: 1530, Time: 00:09:18

Health: -9/27      AC:  5    Str: 21    XL:     2   Next: 93%
Magic:  1/1        EV: 11    Int:  4    God:    Trog [*.....]
Gold:   43         SH:  0    Dex:  9    Spells: 1/1 levels left

rFire    . . .     SeeInvis .   t - +0 whip
rCold    . . .     Faith    .   (no shield)
rNeg     . . .     Spirit   .   q - +0 ring mail
rPois    .         Reflect  .   (helmet restricted)
rElec    .         Harm     .   (no cloak)
rCorr    .         Rampage  .   (no gloves)
Will     .....                  (no boots)
Stlth    ..........             (no amulet)
HPRegen  0.09/turn              (no ring)
MPRegen  0.07/turn              (no ring)

@: no status effects
A: horns 2, retaliatory headbutt
a: Renounce Religion, Berserk


You were on level 3 of the Dungeon.
You worshipped Trog.
Trog was aware of your devotion.
You visited 1 branch of the dungeon, and saw 3 of its levels.

You collected 43 gold pieces.

Inventory:

Hand Weapons
 a - a +0 mace
 d - a +0 club
 o - a +0 short sword
 t - a +0 whip (weapon)
Missiles
 b - 7 poisoned darts
 e - 80 stones (quivered)
 f - 8 boomerangs
 p - 21 sling bullets
Armour
 l - a +0 leather armour
 q - a +0 ring mail (worn)
Magical Staves
 i - a staff of fire
Scrolls
 c - 2 scrolls of noise {unknown}
 g - a scroll of magic mapping {unknown}
 k - a scroll of teleportation {unknown}
 m - 2 scrolls of identify {unknown}
 s - a scroll of amnesia {unknown}
Potions
 h - a potion of might {unknown}
 n - a potion of lignification {unknown}
 r - a potion of haste {unknown}


   Skills:
 + Level 4.1 Fighting
 + Level 4.3 Maces & Flails
 + Level 2.7 Armour
 + Level 2.4 Dodging


You had one spell level left.
You didn't know any spells.
Your spell library was empty.

Dungeon Overview and Level Annotations

Branches:
Dungeon (3/15)

Altars:


Innate Abilities, Weirdness & Mutations

You have a pair of horns on your head.
You reflexively headbutt those who attack you in melee.


Message History

A quokka comes into view.
Throw: 84 stones
Press: ? - help, Q - select action, (/) - cycle Shift-Dir - straight line, f - kobold
Aim: a kobold, wielding a +0 whip (47% to hit)
You throw a stone. The stone misses the kobold.
Throw: 83 stones
Press: ? - help, Q - select action, (/) - cycle Shift-Dir - straight line, f/p - kobold
Aim: a kobold, wielding a +0 whip (47% to hit)
You throw a stone. The stone closely misses the kobold.
The stone hits the orc priest.
The orc priest is lightly wounded.
Throw: 82 stones
Press: ? - help, Q - select action, (/) - cycle Shift-Dir - straight line, f/p - kobold
Aim: a kobold, wielding a +0 whip (47% to hit)
You throw a stone. The stone hits the kobold.
The kobold is moderately wounded.
You hit the kobold.
You kill the kobold!
Trog accepts your kill.
The orc priest invokes the aid of Beogh against you.
Pain shoots through your body!
Ouch! That really hurt!
An orc comes into view. It is wielding a +0 hand axe.
Throw: 81 stones
Press: ? - help, Q - select action, (/) - cycle Shift-Dir - straight line, f - rat
Aim: a rat (56% to hit)
You throw a stone. The orc shouts!
The stone hits the rat.
The rat is heavily wounded.
You hit the rat.
You kill the rat!
Trog accepts your kill.
The orc priest invokes the aid of Beogh against you.
Pain shoots through your body!
* * * LOW HITPOINT WARNING * * *
The orc priest invokes the aid of Beogh against you.
Beogh smites you!
Ouch! That really hurt!
You die...

. # .. .# ... ###. ≈...
#.. ≈.... #.######
......####......########
(.(..(o.r@....#.#......#
≈≈...#.###......#......#
..o #. #....###......# .
## #......#......#
#....#...........#
######..#........#
..............#
###..###.......# ###
#.####.......#


You could see an orc priest and a quokka.

Vanquished Creatures
  4 endoplasms (D:1)
  3 giant cockroaches
  3 goblins (D:1)
  3 hobgoblins (D:1)
  A kobold (D:3)
  A quokka (D:1)
  3 ball pythons (D:1)
  2 bats (D:1)
  2 frilled lizards
  2 rats (D:3)
24 creatures vanquished.

Notes
Turn   | Place    | Note
-------+----------+-------------------------------------------
     0 | D:1      | Skelothan the Minotaur Berserker began the quest for the
                  | Orb.
     0 | D:1      | Reached XP level 1. HP: 19/19 MP: 0/0
    80 | D:1      | Reached XP level 2. HP: 25/27 MP: 1/1
  1530 | D:3      | Killed from afar by an orc priest

Illustrated notes

Levels and vault maps discovered:
D:1:      elethiomel_arrival_fortress_basement, layout_basic
D:2:      layout_basic
D:3:      cheibrodos_helix_gallery, layout_basic, ebering_ecumenical_altar_webs

Skill      XL: |  1  2 |
---------------+-------+-----
Maces & Flails | 4 |  4.3
Fighting       | 4 |  4.1
Armour         | |  2.7
Dodging        | |  2.4

Action                   || total
-------------------------++-------
Melee: Mace              ||    24
       Headbutt          ||     4
       Whip              ||     8
Throw: Stone             ||     4
Armor: Animal skin       ||     3
       Leather armour    ||     1
       Ring mail         ||     1
Dodge: Dodged            ||    21
